 Dungeon Crawl Stone Soup version 0.28.0-56-g4927b6849a (webtiles) character file.

Game seed: 4306736777447314771

15806 Atelerd the Covert (level 12, 0/66 HPs)
             Began as an Octopode Earth Elementalist on Feb 1, 2023.
             Was a Priest of Sif Muna.
             Slain by a killer bee (6 damage)
             ... on level 2 of the Lair of Beasts.
             The game lasted 00:40:26 (19839 turns).

Atelerd the Covert (Octopode Earth Elementalist)   Turns: 19839, Time: 00:40:26

Health: 0/66       AC:  1    Str:  7    XL:     12   Next: 30%
Magic:  12/27      EV: 15    Int: 20    God:    Sif Muna [***...]
Gold:   733        SH:  0    Dex: 18    Spells: 18/33 levels left

rFire   + . .      SeeInvis .   o - +0 dagger (vamp)
rCold   + + .      Faith    +   (no shield)
rNeg    . . .      Spirit   .   E - +0 hat of Lies {rC+ Dex+3}
rPois   +          Reflect  .   F - amulet of faith
rElec   +          Harm     .   (no ring)
rCorr   +          Rampage  .   (no ring)
Will    .....                   (no ring)
Stlth   ++++++....              (no ring)
HPRegen 0.21/turn               (no ring)
MPRegen 0.20/turn               (no ring)
                                (no ring)
                                (no ring)

@: resistant, on berserk cooldown, slowed, very slow
A: almost no armour, amphibious, 8 rings, camouflage 1, gelatinous body 1,
(nimble swimmer 1), tentacles
a: Renounce Religion, Channel Magic, Forget Spell


You were on level 2 of the Lair of Beasts.
You worshipped Sif Muna.
Sif Muna was most pleased with you.
You visited 3 branches of the dungeon, and saw 14 of its levels.
You also visited: Bailey.

You collected 811 gold pieces.
You spent 78 gold pieces at shops.

Inventory:

Hand Weapons
 o - a +0 vampiric dagger (weapon)
Missiles
 b - 61 stones
 s - a throwing net
Armour
 E - the +0 hat of Lies (worn) {rC+ Dex+3}
   (You acquired it on level 10 of the Dungeon)

   Dex:       It affects your dexterity (+3).
   rC:        It protects you from cold.
Magical Staves
 g - a staff of earth
Jewellery
 F - an amulet of faith (around mantle)
Wands
 c - a wand of iceblast (6)
 p - a wand of flame (35)
 r - a wand of digging (14)
 I - a wand of paralysis (4)
 K - a wand of mindburst (4)
Scrolls
 f - 2 scrolls of vulnerability
 i - 3 scrolls of immolation
 m - 4 scrolls of enchant weapon
 u - a scroll of silence
 x - a scroll of holy word
 y - 2 scrolls of fog
 z - 2 scrolls of amnesia
 A - a scroll of summoning
 C - a scroll of teleportation
 G - 2 scrolls of enchant armour
Potions
 d - 2 potions of mutation {unknown}
 e - 7 potions of brilliance
 h - a potion of resistance
 j - a potion of cancellation
 k - 4 potions of curing
 l - 2 potions of magic
 n - 3 potions of flight
 t - a potion of attraction
 v - 5 potions of might
 w - a potion of lignification {unknown}
 B - a potion of ambrosia
 D - a potion of degeneration {unknown}


   Skills:
 - Level 2.0 Short Blades
 - Level 4.0 Dodging
 - Level 12.0 Stealth
 + Level 11.3 Spellcasting
 - Level 2.0 Conjurations
 - Level 4.0 Necromancy
 - Level 5.0 Transmutations
 - Level 1.0 Air Magic
 - Level 10.0 Earth Magic
 - Level 1.0 Poison Magic
 - Level 5.0 Invocations


You had 18 spell levels left.
You knew the following spells:

 Your Spells              Type           Power      Damage    Failure   Level
a - Sandblast             Erth           100%       2d20      1%          1
b - Mephitic Cloud        Conj/Pois/Air  16%        N/A       11%         3
p - Petrify               Tmut/Erth      41%        N/A       2%          4
v - Borgnjor's Vile Clut  Necr/Erth      19%        N/A       10%         5
w - Passwall              Tmut/Erth      34%        N/A       1%          2

Your spell library contained the following spells:

 Spells                   Type           Power      Damage    Failure   Level
 Animate Skeleton         Necr           54%        N/A       1%          1
 Pain                     Necr           100%       1d9       1%          1
 Stone Arrow              Conj/Erth      70%        3d11      1%          3
 Magic Dart               Conj           76%        1d6       2%          1
 Vampiric Draining        Necr           27%        2d7       3%          3
 Searing Ray              Conj           38%        2d5       4%          2
 Freeze                   Ice            44%        1d6       6%          1
 Slow                     Hex            44%        N/A       6%          1
 Summon Small Mammal      Summ           44%        N/A       6%          1
 Call Imp                 Summ           11%        N/A       9%          2
 Call Canine Familiar     Summ           11%        N/A       19%         3
 Confusing Touch          Hex            11%        N/A       19%         3
 Frozen Ramparts          Ice            22%        1d4       19%         3
 Gell's Gravitas          Tloc           11%        N/A       19%         3
 Lesser Beckoning         Tloc           11%        N/A       19%         3
 Summon Guardian Golem    Hex/Summ       11%        N/A       19%         3
 Teleport Other           Tloc           11%        N/A       19%         3
 Agony                    Necr           27%        N/A       32%         5
 Excruciating Wounds      Necr           13%        N/A       32%         5
 Fulminant Prism          Conj/Hex       7%         3d7       36%         4
 Hailstorm                Conj/Ice       15%        3d5       36%         4
 Alistair's Intoxication  Tmut/Pois      15%        N/A       43%         5
 Eringya's Noxious Bog    Tmut/Pois      11%        N/A       95%         6


Dungeon Overview and Level Annotations

Branches:
Dungeon (11/15)            Temple (1/1) D:6            Lair (2/6) D:9
 Bailey (visited)
  Swamp: Lair:2-4    Shoals: Lair:2-4     Snake: Lair:2-4    Spider: Lair:2-4
    Orc: D:9-12

Altars:
Ashenzari
Cheibriados
Dithmenos
Elyvilon
Fedhas
Gozag
Hepliaklqana
Kikubaaqudgha
Makhleb
Nemelex Xobeh
Okawaru
Qazlal
Ru
Sif Muna
Trog
Uskayaw
Vehumet
Wu Jian
Xom
Yredelemnul
Zin
The Shining One

Shops:
D:5 *

Annotations:
D:5 3 runed translucent doors, brob1's ghost, novice MiBe
D:10 exclusion: downstairs
Lair:1 exclusion: downstairs


Innate Abilities, Weirdness & Mutations

You cannot wear most types of armour.
You are amphibious.
You can wear up to eight rings at the same time.
Your skin changes colour to match your surroundings (Stealth+).
Your rubbery body absorbs attacks. (AC +1, EV +1)
((You are camouflaged when in or above water. (Stealth+)))
You have tentacles for arms and can constrict up to eight enemies at once.


Message History

The zombie hands constrict the killer bee. x5
The zombie hands constrict the killer bee!
The killer bee escapes!
The killer bee barely misses you.
The bullfrog swells and bulges.
The killer bee struggles to escape constriction.
The killer bee stings you!
* * * LOW HITPOINT WARNING * * *
Unknown command.
Unknown command.
Okay, then.
Okay, then.
A red film seems to cover your vision as you go berserk!
You feel yourself moving faster!
You feel mighty!
The zombie hands constrict the killer bee!
The zombie hands constrict the killer bee.
The zombie hands constrict the killer bee! x2
You kill the killer bee!
Sif Muna accepts your kill.
The zombie hands constrict the killer bee!
You kill the killer bee!
Sif Muna accepts your kill.
The killer bee buzzes angrily.
The killer bee struggles to escape constriction.
The killer bee closely misses you.
The killer bee escapes! x2
You feel a strong urge to attack something.
The zombie hands constrict the killer bee!
You kill the killer bee!
Sif Muna accepts your kill.
The cane toad gives a loud, deep croak!
You hear a loud, deep croak!
The killer bee completely misses you.
You feel your anger nearly subside. The killer bee stings you!
* * * LOW HITPOINT WARNING * * *
You are no longer berserk.
You are exhausted.
You feel yourself slow down.
A blink frog comes into view.
There is a stone staircase leading up here.
The killer bee stings you.
You die...

*,,,*,,,,,*,,>,,*,,,,,**..##.Y
**,,,,..,,,,,,,,,,,..,,+.#,#..
*,,**,F..***,,,,**...******..#
***,**...#***,***#...** *#.#,
*****+**#...#######...#,****.+,,
*,,,,,,,#....#.#......#,*,,,,,,,
**,,,,,,*#.....♣....#***,**,,,,,
*<,,,,,***#.F.....#*,,,,,+,,,,,
*,,,,,,+,,,#..@.###**,*,*,,,,,,
**,,,,,,,***###yy#.##******,,,,,
*,*,,,**** ##y...# *,*****
***,,** #P.P## *** **,** ##y##
**,,** ##y# *** * *,,,,* #.y#
*,**** ****,,,+***** **##y#**
**,,,, *,,,,,,,,,,,***,,!yF,****
*,,,,,


You could see a cane toad, a blink frog (wandering) and 7 killer bees.

Vanquished Creatures
  A hydra (Lair:1)
  2 vault guards (Bailey)
  6 elephants (Lair:1)
  2 cane toads
  A troll (D:10)
  2 hornets
  4 dream sheep (Lair:1)
  Prince Ribbit (Bailey)
  Sigmund (D:6)
  6 humans (Bailey)
  14 yaks
  3 wargs (D:9)
  5 water moccasins
  4 orc warriors
  A sky beast (D:8)
  3 black bears
  A hornet zombie (D:5)
  2 ogres
  8 wolves (Lair:1)
  2 centaurs
  A phantom (D:6)
  A kobold brigand (D:7)
  16 bullfrogs
  A gnoll sergeant (D:7)
  2 scorpions
  A wyvern zombie (D:5)
  20 killer bees
  10 wights (D:8)
  A howler monkey (D:8)
  3 electric eels
  3 centaur zombies
  7 hounds
  4 jellies
  A bullfrog skeleton (D:7)
  3 centaur skeletons
  5 orc priests
  An iguana (D:5)
  10 orc wizards
  A killer bee zombie (D:8)
  13 gnolls
  8 adders
  A shadow imp (D:8)
  A white imp (D:7)
  An adder skeleton (D:4)
  An adder zombie (D:5)
  A worm (D:3)
  A dart slug (D:3)
  27 orcs
  6 ball pythons
  7 endoplasms
  2 giant cockroaches
  5 goblins
  3 hobgoblins
  7 jackals
  2 quokkas (D:4)
  A bat (D:2)
  3 frilled lizards
  10 kobolds
260 creatures vanquished.

Vanquished Creatures (collateral kills)
  A wyvern (D:8)
  A killer bee (D:9)
  An orc (D:8)
3 creatures vanquished.

Vanquished Creatures (others)
  3 fungi
  33 plants
36 creatures vanquished.

Grand Total: 299 creatures vanquished

Notes
Turn   | Place    | Note
-------+----------+-------------------------------------------
     0 | D:1      | Atelerd the Octopode Earth Elementalist began the quest for
                  | the Orb.
     0 | D:1      | Reached XP level 1. HP: 11/11 MP: 3/3
   101 | D:1      | Reached XP level 2. HP: 17/17 MP: 0/5
  1111 | D:2      | Reached XP level 3. HP: 11/21 MP: 3/6
  1362 | D:2      | Reached skill level 3 in Stealth
  1542 | D:2      | Found a faded altar of an unknown god.
  2114 | D:3      | Learned a level 3 spell: Mephitic Cloud
  2202 | D:3      | Reached XP level 4. HP: 22/27 MP: 8/8
  2749 | D:3      | Found a burning altar of Makhleb.
  2882 | D:3      | Found an ornate altar of the Wu Jian Council.
  2926 | D:3      | Reached skill level 1 in Air Magic
  2926 | D:3      | Reached skill level 1 in Poison Magic
  3043 | D:3      | Found a bloodstained altar of Trog.
  3209 | D:4      | Reached skill level 1 in Conjurations
  3209 | D:4      | Reached XP level 5. HP: 31/31 MP: 7/9
  3260 | D:4      | Found a shimmering altar of Xom.
  3738 | D:4      | Reached XP level 6. HP: 12/36 MP: 1/11
  4192 | D:4      | Learned a level 4 spell: Petrify
  4486 | D:5      | Entered Level 5 of the Dungeon
  5055 | D:5      | Noticed a black bear
  5072 | D:5      | Killed a black bear
  5073 | D:5      | Reached XP level 7. HP: 16/41 MP: 6/12
  5260 | D:5      | Found a hazy altar of Hepliaklqana.
  5855 | D:6      | Reached skill level 5 in Earth Magic
  5877 | D:6      | Reached skill level 1 in Short Blades
  5877 | D:6      | Reached skill level 4 in Stealth
  5904 | D:6      | Reached XP level 8. HP: 41/46 MP: 0/14
  6187 | D:6      | Found a staircase to the Ecumenical Temple.
  6208 | Temple   | Entered the Ecumenical Temple
  6526 | D:6      | Found a stormy altar of Qazlal.
  6555 | D:6      | Reached skill level 5 in Stealth
  6653 | D:6      | Noticed Sigmund
  6693 | D:6      | Killed Sigmund
  6778 | D:6      | Reached skill level 6 in Stealth
  6803 | D:6      | Reached skill level 5 in Transmutations
  6987 | D:6      | Reached skill level 7 in Stealth
  6987 | D:6      | Reached skill level 5 in Spellcasting
  7130 | D:6      | Found an opulent altar of Gozag.
  8082 | D:7      | Found a shimmering blue altar of Sif Muna.
  8232 | D:7      | Became a worshipper of Sif Muna the Loreminder
  8268 | D:7      | Noticed a hornet
  8277 | D:7      | Killed a hornet
  8278 | D:7      | Reached skill level 8 in Stealth
  8278 | D:7      | Reached XP level 9. HP: 51/51 MP: 12/17
  8438 | D:7      | Reached skill level 9 in Stealth
  9323 | D:7      | Reached skill level 10 in Stealth
  9578 | D:5      | Found Ushoronn's Assorted Antiques.
  9583 | D:5      | Bought a scroll of identify for 42 gold pieces
  9583 | D:5      | Bought a pink potion for 18 gold pieces
  9583 | D:5      | Bought a metallic brown potion for 18 gold pieces
  9647 | D:5      | Found a radiant altar of Vehumet.
  9798 | D:5      | Found a runed translucent gate.
  9798 | D:5      | Found a runed translucent gate.
  9798 | D:5      | Found a runed translucent gate.
  9798 | D:5      | Noticed brob1's ghost (novice MiBe)
  9800 | D:5      | Found a basalt altar of Yredelemnul.
 10950 | D:8      | Reached XP level 10. HP: 34/56 MP: 3/22
 11462 | D:8      | Reached * piety under Sif Muna
 12313 | D:8      | Found a glowing silver altar of Zin.
 12365 | D:8      | Learned a level 2 spell: Passwall
 12477 | D:9      | Found an iron altar of Okawaru.
 12689 | D:9      | Found a staircase to the Lair.
 12840 | D:10     | Entered Level 10 of the Dungeon
 12988 | D:10     | Found a flagged portal.
 13033 | D:10     | Identified the +6 spear of Massacring {vorpal, Str+2
                  | Stlth+}
 13048 | Bailey   | Entered a bailey
 13331 | Bailey   | Reached skill level 11 in Stealth
 13403 | Bailey   | Noticed a vault guard
 13429 | Bailey   | Killed a vault guard
 13535 | Bailey   | Noticed Prince Ribbit
 13535 | Bailey   | Noticed a vault guard
 13596 | Bailey   | Killed Prince Ribbit
 13612 | Bailey   | Killed a vault guard
 13613 | Bailey   | Reached XP level 11. HP: 61/61 MP: 12/24
 13742 | Bailey   | Reached skill level 5 in Invocations
 13867 | Bailey   | Reached skill level 12 in Stealth
 14402 | D:10     | Reached skill level 10 in Spellcasting
 15002 | D:10     | Reached ** piety under Sif Muna
 15255 | D:10     | Identified a scroll of acquirement
 15256 | D:10     | Acquired the +0 hat of Lies {rC+ Dex+3}
 16184 | D:11     | Noticed an eight-headed hydra
 16217 | D:11     | Noticed a boulder beetle
 16764 | Lair:1   | Entered Level 1 of the Lair of Beasts
 16855 | Lair:1   | Noticed a four-headed hydra
 16865 | Lair:1   | Killed a four-headed hydra
 16873 | Lair:1   | Learned a level 5 spell: Borgnjor's Vile Clutch
 16895 | Lair:1   | Reached skill level 1 in Necromancy
 17897 | Lair:1   | Reached XP level 12. HP: 66/66 MP: 14/27
 19130 | Lair:1   | Reached *** piety under Sif Muna
 19832 | Lair:2   | Reached skill level 10 in Earth Magic
 19839 | Lair:2   | Slain by a killer bee

Illustrated notes

Levels and vault maps discovered:
D:1:      minmay_arrival_plants_in_alcoves, layout_rooms,
          minmay_shallow_snake_nest
D:2:      layout_basic, shapermc_ecumenical_altar_mp_vishouse
D:3:      layout_loops_ring, lightli_temple_of_fire, bloody_trog,
          nicolae_wu_jian_wuxing_cycle, bh_walls_and_bars
D:4:      layout_rooms, lemuel_coloured_pillars_altar
D:5:      layout_loops_cross, lemuel_doored_altar, vehumet_altar_wand_db,
          nicolae_yredelemnul_ghost_church, serial_shops, shop,
          kennysheep_minor_cross
D:6:      layout_layer_cave, nicolae_qazlal_general_emergency,
          mainiacjoe_overflow_alcove_2, minmay_temple_entry_grid,
          kennysheep_doodads, ebering_dispersal_statue_hall, minmay_circle_x,
          uniq_sigmund
D:7:      layout_basic, led_sif_book, dk_noncrumbling_4
D:8:      layout_loops_ring, zin_scriptorium, serial_bayou_pond_b
D:9:      layout_gridville, okawaru_trees_2, erik_lair_orcish_takeover,
          nicolae_two_hexagons
D:10:     layout_long_grid, enter_bailey_2
D:11:     layout_cave_pools, kennysheep_orc_monster_closet_entryway
Temple:   dpeg_chambers_temple
Lair:1:   beast_lair_carwin_large_1, layout_cave_pods,
          nicolae_lair_grazing_beasts [nicolae_sub_lair_graze_edge,
          nicolae_sub_lair_graze_edge, nicolae_sub_lair_graze_edge,
          nicolae_sub_lair_graze_edge], infiniplex_staircase_pool,
          grunt_megastairs_4
Lair:2:   layout_roguey [special_room_bee], gauntlet_entry_generic,
          grunt_megastairs_5

Skill      XL: |  1  2  3  4  5  6  7  8  9 10 11 12 |
---------------+-------------------------------------+-----
Stealth        | 3 4 8 10 11 12 | 12.0
Air Magic      | 1 |  1.0
Poison Magic   | 1 |  1.0
Conjurations   | 1 2 |  2.0
Spellcasting   | 3 4 5 8 9 11 | 11.3
Earth Magic    | 4 5 6 8 10 | 10.0
Dodging        | 3 4 |  4.0
Transmutations | 2 4 5 |  5.0
Short Blades   | 1 2 |  2.0
Invocations    | 2 4 5 |  5.0
Necromancy     | 4 |  4.0

Action                   |  1- 3 |  4- 6 |  7- 9 | 10-12 || total
-------------------------+-------+-------+-------+-------++-------
Melee: Dagger            |    27 |    41 |   138 |   160 ||   366
       Constrict         |     5 |    15 |    25 |    23 ||    68
       Tentacles         |     3 |    12 |    39 |    49 ||   103
       Punch             |       |       |     3 |     3 ||     6
 Cast: Sandblast         |    30 |    71 |    95 |   118 ||   314
       Mephitic Cloud    |       |     3 |    10 |    30 ||    43
       Petrify           |       |       |    36 |    96 ||   132
       Borgnjor's Vile C |       |       |       |     8 ||     8
Invok: Channel Magic     |       |       |       |     3 ||     3
Evoke: Wand              |       |       |     3 |    10 ||    13
  Use: Potion            |       |     7 |     4 |     9 ||    20
       Scroll            |       |       |    13 |    13 ||    26
 Stab: Sleeping          |     6 |     6 |     3 |     8 ||    23
       Confused          |       |     1 |     5 |     4 ||    10
       Petrified         |       |       |    42 |    61 ||   103
       Petrifying        |       |       |     2 |     8 ||    10
       Distracted        |       |       |       |     1 ||     1
Armor: Skin              |     4 |     5 |     3 |     5 ||    17
Dodge: Dodged            |    38 |    54 |    94 |   166 ||   352
